 Dungeon Crawl Stone Soup version 0.30-a0-1066-g63dfefce0d (webtiles) character file.

Game seed: 515834984287897216

0 jimonade the Grasshopper (level 1, 0/14 HPs)
             Began as an Octopode Warper on Apr 12, 2023.
             Slain by a quokka (3 damage)
             ... on level 1 of the Dungeon.
             The game lasted 00:00:10 (20 turns).

jimonade the Grasshopper (Octopode Warper)            Turns: 20, Time: 00:00:11

Health: 0/14       AC:  1    Str: 10    XL:     1   Next: 10%
Magic:  3/3        EV: 13    Int: 15    God:
Gold:   0          SH:  0    Dex: 11    Spells: 4/4 levels left

rFire   . . .      SeeInvis .    a - +0 hand axe
rCold   . . .      Faith    .    (no shield)
rNeg    . . .      Spirit   .    (helmet restricted)
rPois   .          Reflect  .    (no amulet)
rElec   .          Rampage  .    (no ring)
rCorr   .                        (no ring)
Will    .....                    (no ring)
Stlth   ++                       (no ring)
HPRegen 0.22/turn                (no ring)
MPRegen 0.08/turn                (no ring)
                                 (no ring)
                                 (no ring)

@: no status effects
A: almost no armour, amphibious, 8 rings, camouflage 1, gelatinous body 1,
(nimble swimmer 1), tentacles
a: no special abilities


You were on level 1 of the Dungeon.
You visited 1 branch of the dungeon, and saw 1 of its levels.

Inventory:

Hand Weapons
 a - a +0 hand axe (weapon)
Missiles
 c - 7 boomerangs of dispersal (quivered)
 d - 4 poisoned darts
Scrolls
 b - a scroll of blinking


   Skills:
 + Level 2.0 Fighting
 + Level 2.0 Axes
 + Level 1.0 Throwing
 + Level 2.3 Dodging
 + Level 2.0 Spellcasting
 * Level 3.0 Translocations


You had 4 spell levels left.
You didn't know any spells.
Your spell library contained the following spells:

 Spells                   Type           Power      Damage    Failure   Level
 Blink                    Tloc           20%        N/A       10%         2
 Lesser Beckoning         Tloc           20%        N/A       10%         2
 Teleport Other           Tloc           10%        N/A       19%         3
 Vhi's Electric Charge    Tloc/Air       12%        N/A       34%         3
 Manifold Assault         Tloc           10%        N/A       54%         4


Dungeon Overview and Level Annotations

Branches:
Dungeon (1/15)

Altars:


Innate Abilities, Weirdness & Mutations

You cannot wear most types of armour.
You are amphibious.
You can wear up to eight rings at the same time.
Your skin changes colour to match your surroundings (Stealth+).
Your rubbery body absorbs attacks. (AC +1, EV +1)
((You are camouflaged when in or above water. (Stealth+)))
You have tentacles for arms and can constrict up to eight enemies at once.


Message History

It is said that the Orb of Zot exists deep within this dungeon.
Press ? for a list of commands and other information.
Found an escape hatch in the floor.
Found a staircase leading out of the dungeon.
Found 4 poisoned darts.
There is a dry fountain here.
A quokka, a goblin and a rat come into view.
Found a dagger.
Found a lumpy white potion.
A hobgoblin comes into view.
The hobgoblin shouts!
You see here 4 poisoned darts.
d - 4 poisoned darts A rat comes into view.
A bat comes into view.
You hit the rat.
You kill the rat!
The bat hits you.
You closely miss the bat. You grab the bat. You constrict the bat.
The bat closely misses you.
The bat escapes!
You closely miss the quokka. Your grab misses the quokka. The bat misses you.
The quokka bites you. The quokka barely misses you.
You closely miss the quokka. Your grab misses the quokka.
The bat barely misses you. The quokka misses you.
You closely miss the quokka. Your grab misses the quokka.
Your squeeze misses the quokka. You barely miss the hobgoblin.
The bat hits you. The hobgoblin hits you.
* * * LOW HITPOINT WARNING * * *
The quokka barely misses you. The bat closely misses you.
The quokka closely misses you. The hobgoblin barely misses you.
You are too injured to fight recklessly!
You are too injured to fight recklessly!
You are too injured to fight recklessly!
You closely miss the hobgoblin. Your grab misses the hobgoblin.
You squeeze the hobgoblin.
The hobgoblin is moderately wounded.
You hit the bat.
You kill the bat!
You hit the quokka. The quokka bites you.
You die...

... ...## .....
...... ###.....
...... #.......
......#####......
................
.......!.....#
...)..r@g....#
.......†.....#
.............#
............## #.
............# ...
............#....
....##......#....
....#............
........⌠......#.


You could see a quokka and a hobgoblin.

Vanquished Creatures
  A bat (D:1)
  A rat (D:1)
2 creatures vanquished.

Notes
Turn   | Place    | Note
-------+----------+-------------------------------------------
     0 | D:1      | jimonade the Octopode Warper began the quest for the Orb.
     0 | D:1      | Reached XP level 1. HP: 14/14 MP: 3/3
    20 | D:1      | Slain by a quokka

Illustrated notes

Levels and vault maps discovered:
D:1:      wander_arrival_desolate, layout_basic,
          shapermc_ecumenical_altar_notcrosses

Action                     || total
---------------------------++-------
  Melee: Hand axe          ||     6
         Constrict         ||     1
         Tentacles         ||     1
  Dodge: Dodged            ||     9

Table legend: (Time is in decaauts)
 A = Elapsed time spent in this place.
 B = Non-inter-level travel time spent in this place.
 C = Inter-level travel time spent in this place.
 D = Time resting spent in this place.
 E = Time spent auto-exploring this place.
 F = Levels seen in this place.
 G = Mean time per level.
                   A        B        C        D        E       F      G
               +--------+--------+--------+--------+--------+-----+--------+
         Total |     21 |     21 |      0 |      0 |      1 |   1 |   21.0 |
       Dungeon |     21 |     21 |      0 |      0 |      1 |   1 |   21.0 |
               +--------+--------+--------+--------+--------+-----+--------+

Top non-repeatable levels by time:
     D:1: 21 daAuts
